 Dungeon Crawl Stone Soup version 0.29-a0-283-ga02f740833 (webtiles) character file.

Game seed: 14095798659273530092

22 enile the Sneak (level 2, -3/27 HPs)
             Began as a Minotaur Delver on Mar 13, 2022.
             Slain by a worm (9 damage)
             ... on level 5 of the Dungeon.
             The game lasted 00:02:07 (324 turns).

enile the Sneak (Minotaur Delver)                    Turns: 324, Time: 00:02:08

Health: -3/27      AC:  5    Str: 22    XL:     2   Next: 68%
Magic:  1/1        EV: 11    Int:  7    God:
Gold:   0          SH:  0    Dex:  9    Spells: 1/1 levels left

rFire   . . .      SeeInvis .   a - +0 hand axe
rCold   . . .      Faith    .   (no shield)
rNeg    . . .      Spirit   .   f - +0 ring mail of Failure {Str+6 Dex-2}
rPois   .          Reflect  .   (helmet restricted)
rElec   .          Harm     .   (no cloak)
rCorr   .          Rampage  .   (no gloves)
Will    .....                   (no boots)
Stlth   +.........              (no amulet)
HPRegen 0.09/turn               (no ring)
MPRegen 0.07/turn               (no ring)

@: very slow
A: horns 2, retaliatory headbutt
a: no special abilities


You were on level 5 of the Dungeon.
You visited 1 branch of the dungeon, and saw 1 of its levels.

Inventory:

Hand Weapons
 a - a +0 hand axe (weapon)
 h - a +0 hunting sling
 i - a +0 long sword
Armour
 b - a +0 leather armour
 f - the +0 ring mail of Failure (worn) {Str+6 Dex-2}
   (You found it on level 5 of the Dungeon)

   Str:       It affects your strength (+6).
   Dex:       It affects your dexterity (-2).
Wands
 g - a wand of digging (3)
Scrolls
 c - a scroll of fog
 d - a scroll of magic mapping


   Skills:
 + Level 4.0 Fighting
 + Level 2.9 Axes
 + Level 2.6 Dodging
 + Level 4.2 Stealth


You had one spell level left.
You didn't know any spells.
Your spell library was empty.

Dungeon Overview and Level Annotations

Branches:
Dungeon (5/15)
 Temple: D:4-7

Altars:


Innate Abilities, Weirdness & Mutations

You have a pair of horns on your head.
You reflexively headbutt those who attack you in melee.


Message History

The river rat closely misses you.
You closely miss the river rat. You headbutt the river rat.
The river rat is almost dead.
The river rat barely misses you.
Your unstable footing causes you to fumble your attack.
The river rat closely misses you.
Your unstable footing causes you to fumble your attack.
The river rat barely misses you. You furiously retaliate!
You headbutt the river rat!
You kill the river rat!
You have reached level 2!
The adder misses you. You furiously retaliate!
You headbutt the adder. The adder closely misses you.
The adder barely misses you. The adder misses you.
You hit the adder.
The adder is severely wounded.
The adder closely misses you. You furiously retaliate!
You headbutt the adder!
You kill the adder!
Your Fighting skill increases to level 4!
You enter the shallow water.
Moving in this stuff is going to be slow.
You see here an adder corpse.
You start resting.
You hear the brisk rusting of a drain.
You start resting.
You hear the brisk rusting of a drain.
A worm comes into view.
A quokka comes into view.
The quokka moves out of view.
The worm completely misses you.
You hit the worm. Your headbutt misses the worm.
The worm is moderately wounded.
The worm bites you!
* * * LOW HITPOINT WARNING * * *
You hit the worm.
The worm is moderately wounded.
You barely miss the worm.
The worm is moderately wounded.
The worm bites you!
You die...

#.# #.# #.#
#.# #.# #.#
### ###
##.#########
##≈######≈##
...........#
#≈≈≈≈≈≈≈≈≈≈#
##.#######.#
#≈@≈####≈≈≈#
#...# #.#
##w## ##≈##
.....#
#.#####r#
#≈# #...##
#.....#≈#
#≈# ##.##
#..####≈#
##≈## #.#
#..###≈≈≈
#≈≈≈# #.#
#....#≈≈≈
#≈≈≈#
##.####≈###
##†##
#.##.###.#
#.##


You could see a worm and a quokka.

Vanquished Creatures
  An adder (D:5)
  A river rat (D:5)
  An orc (D:5)
  A giant cockroach (D:5)
4 creatures vanquished.

Notes
Turn   | Place    | Note
-------+----------+-------------------------------------------
     0 | D:5      | enile the Minotaur Delver began the quest for the Orb.
     0 | D:5      | Reached XP level 1. HP: 19/19 MP: 0/0
    89 | D:5      | Noticed an iguana
   139 | D:5      | Noticed a scorpion
   202 | D:5      | Identified the +0 ring mail of Failure {Str+6 Dex-2}
   220 | D:5      | Noticed a hound
   250 | D:5      | Reached XP level 2. HP: 6/27 MP: 1/1
   324 | D:5      | Slain by a worm

Illustrated notes

Levels and vault maps discovered:
D:5:      layout_loops_corners, gup_sewer_entry_bubbles, uniq_blork_the_orc

Skill      XL: |  1  2 |
---------------+-------+-----
Fighting       | 4 |  4.0
Axes           | |  2.9
Dodging        | |  2.6
Stealth        | |  4.2

Action                   || total
-------------------------++-------
Melee: Hand axe          ||    31
       Headbutt          ||     1
  Use: Scroll            ||     1
       Potion            ||     1
Armor: Ring mail         ||     5
       Leather armour    ||     3
Dodge: Dodged            ||    25

Table legend: (Time is in decaauts)
 A = Elapsed time spent in this place.
 B = Non-inter-level travel time spent in this place.
 C = Inter-level travel time spent in this place.
 D = Time resting spent in this place.
 E = Time spent auto-exploring this place.
 F = Levels seen in this place.
 G = Mean time per level.
                   A        B        C        D        E       F      G
               +--------+--------+--------+--------+--------+-----+--------+
         Total |    320 |    320 |      0 |     54 |     48 |   1 |  320.0 |
       Dungeon |    320 |    320 |      0 |     54 |     48 |   1 |  320.0 |
               +--------+--------+--------+--------+--------+-----+--------+

Top non-repeatable levels by time:
     D:5: 320 daAuts
